 Dungeon Crawl Stone Soup version 0.20.0-15-g7f486f2 (webtiles) character file.

140126 Chiseanne the Covert (level 16, -4/110 HPs)
             Began as a Vampire Artificer on June 19, 2017.
             Was the Champion of Dithmenos.
             Killed from afar by a starcursed mass (15 damage)
             ... with an accursed screaming
             ... on level 3 of the Abyss on June 20, 2017.
             The game lasted 02:41:50 (31823 turns).

Chiseanne the Covert (Vampire Artificer)           Turns: 31823, Time: 02:41:51

Health: -4/110     AC: 25    Str: 11 (13) XL:     16   Next: 75%
Magic:  18/18      EV: 26    Int: 16 (24) God:    Dithmenos [******]
Gold:   320        SH:  0    Dex: 22 (26) Spells: 8/22 levels left

rFire    . . .     SeeInvis +   a - +8 glaive of Irritation {freeze, rElec MR++ Dex+3}
rCold    . . .     Gourm    .   (shield currently unavailable)
rNeg     + + .     Faith    .   f - +8 swamp dragon scales "Plog" {rPois rN+ Int-2 Dex+4}
rPois    +         Spirit   .   H - +0 helmet of the Enchanted Forest {rC- Regen+ Int+9 SInv}
rElec    +         Reflect  .   Y - +1 cloak
rCorr    .         Harm     .   V - +1 pair of gloves {archery}
MR       +++..     Rnd*Rage +   (no boots)
Stlth    +++++++++.             l - amulet of Noypt {+Rage rF- rC++ Str+2 Int+3}
Regen    0.7/turn               q - +4 ring of evasion
MPRegen  0.2/turn               c - ring of fire

@: about to teleport, wreathed by umbra
A: fangs 3, hooves 1, yellow scales 1, see invisible, berserk 1[+2],
deterioration 1[+1], [frail 1], [low mp 3], [screaming 2], [weak 1],
unbreathing, [no potion heal 1]
a: Bat Form, Shadow Step, Shadow Form, Renounce Religion, Evoke Berserk Rage


You were on level 3 of the Abyss.
You worshipped Dithmenos.
Dithmenos was exalted by your worship.
You were not thirsty.

You visited 5 branches of the dungeon, and saw 25 of its levels.
You visited the Abyss 3 times.
You also visited: Sewer and Ossuary.

You collected 2871 gold pieces.
You spent 2551 gold pieces at shops.

Inventory:

Hand Weapons
 a - the +8 glaive of Irritation (weapon) {freeze, rElec MR++ Dex+3}
   (You found it on level 6 of the Lair of Beasts)

   It has been specially enchanted to freeze those struck by it, causing extra
   injury to most foes and up to half again as much damage against particularly
   susceptible opponents.
   It can also slow down cold-blooded creatures.
   It affects your dexterity (+3).
   It insulates you from electricity.
   It affects your resistance to hostile enchantments.
 d - the +4 halberd of Kuedinn {drain, rF+ Int+5}
   (You took it off a big kobold on level 14 of the Dungeon)

   A truly terrible weapon, it drains the life of those it strikes.
   It affects your intelligence (+5).
   It protects you from fire.
 s - a +6 bardiche of protection
 w - a +0 blowgun
Missiles
 g - 15 bolts
 h - 24 sling bullets
 r - a throwing net {!*}
 Q - 5 javelins of penetration
 W - 12 javelins (quivered)
Armour
 e - a +3 troll leather armour {Snorg}
 f - the +8 swamp dragon scales "Plog" (worn) {rPois rN+ Int-2 Dex+4}
   (You bought it in a shop on level 2 of the Orcish Mines)

   It affects your intelligence (-2).
   It affects your dexterity (+4).
   It protects you from poison.
   It protects you from negative energy.
 H - the +0 helmet of the Enchanted Forest (worn) {rC- Regen+ Int+9 SInv}
   (You found it on level 6 of the Lair of Beasts)

   It affects your intelligence (+9).
   It makes you vulnerable to cold.
   It lets you see invisible.
   It increases your rate of regeneration.
 V - a +1 pair of gloves of archery (worn)
 Y - a +1 cloak (worn)
Magical Staves
 p - an uncursed staff of energy {unknown}
Jewellery
 c - a ring of fire (right hand)
 l - the amulet of Noypt (around neck) {+Rage rF- rC++ Str+2 Int+3}
   (You acquired it on level 1 of the Lair of Beasts)

   [amulet of rage]

   It affects your strength (+2).
   It affects your intelligence (+3).
   It makes you vulnerable to fire.
   It greatly protects you from cold.
   It lets you go berserk.
 q - a +4 ring of evasion (left hand)
 K - an uncursed ring of protection from cold
Wands
 m - a wand of paralysis (15/24)
 o - a wand of lightning (5/15)
 v - a wand of iceblast (9/15)
 x - a wand of disintegration (15/24)
 F - a wand of digging (5/24)
 N - a wand of paralysis (3/24)
 U - a wand of digging (5/24)
Scrolls
 b - 6 scrolls of teleportation
 i - 6 scrolls of magic mapping
 j - a scroll of amnesia
 y - 2 scrolls of recharging
 z - 6 scrolls of remove curse
 C - 4 scrolls of fear
 P - a scroll of fog
 Z - 2 scrolls of identify
Potions
 k - 5 potions of cancellation
 n - 3 potions of ambrosia
 t - 7 potions of resistance
 B - 16 potions of curing
 E - 5 potions of flight
 R - 19 potions of blood
Books
 J - a book of Minor Magic

   Spells                             Type                      Level
   a - Magic Dart                     Conjuration                  1
   b - Blink                          Translocation                2
   c - Call Imp                       Summoning                    2
   d - Slow                           Hexes                        2
   e - Conjure Flame                  Conjuration/Fire             3
   f - Mephitic Cloud                 Conjuration/Poison/Air       3
Miscellaneous
 u - a lightning rod (2/4)
 G - a fan of gales (inert)


   Skills:
 - Level 10.4 Fighting
   Level 4.6 Short Blades
 * Level 9.0 Polearms
 * Level 8.4 Armour
 - Level 14.4 Dodging
 - Level 14.7 Stealth
 - Level 3.8 Spellcasting
 - Level 2.1 Translocations
 - Level 10.9 Invocations
 - Level 12.9 Evocations


You had 8 spell levels left.
You knew the following spells:

 Your Spells              Type           Power        Failure   Level  Hunger
a - Apportation           Tloc           ##....       14%         1    None
b - Spider Form           Tmut/Pois      #.........   71%         3    ###....
c - Ice Form              Ice/Tmut       #.......     98%         4    ####...
d - Statue Form           Tmut/Erth      #........    100%        6    #######


Dungeon Overview and Level Annotations

Branches:
Dungeon (15/15)            Temple (1/1) D:6            Lair (6/6) D:8
 Shoals (0/4) Lair:4        Snake (1/4) Lair:3        Slime (0/5) Lair:6
    Orc (2/2) D:10            Elf (0/3) Orc:2        Vaults (0/5) D:14
 Depths (0/5) D:15

Altars:
Ashenzari
Cheibriados
Dithmenos
Elyvilon
Fedhas
Gozag
Hepliaklqana
Kikubaaqudgha
Makhleb
Nemelex Xobeh
Okawaru
Qazlal
Ru
Sif Muna
Trog
Uskayaw
Vehumet
Xom
Yredelemnul
Zin
The Shining One
Beogh
Jiyva

Shops:
D:5 (   D:9 [   D:11 %   D:13 =   Orc:2 *=[

Annotations:
D:4 xash's ghost, amateur FoFi
D:7 exclusion: upstairs
D:10 Toogi's ghost, journeyman DEEE
Lair:1 exclusion: 2 oklob plants
Lair:2 exclusion: 4 oklob plants
Snake:1 Kirke; Louise


Innate Abilities, Weirdness & Mutations

You have razor-sharp teeth.
You have supernaturally acute eyesight. (SInv)
You can survive without breathing.
You have large cloven feet.
You are partially covered in yellow scales. (AC +2)
[You have an uncontrollable temper.]
[Your body often deteriorates upon taking damage.]
[You are frail. (-10% HP)]
[Your magical capacity is extremely low. (-30% MP)]
[You sometimes yell uncontrollably at your foes.]
[You are weak. (Str -2)]
[Potions are less effective at restoring your health.]


Message History

The ufetubus hits you but does no damage.
Evoke which item? (* to show all) (? for menu, Esc to quit)
Aiming: Thunderbolt
Press: ? - help, Shift-Dir - straight line, f - golden eye, p - ufetubus
Aim: a golden eye (umbra)
The thunderbolt hits the ufetubus.
You kill the ufetubus!
The thunderbolt hits the golden eye.
You kill the golden eye!
Dithmenos accepts your kill.
The thunderbolt hits the ufetubus.
You kill the ufetubus!
The profane servitor hits you with a whip of electrocution!!
* * * LOW HITPOINT WARNING * * *
The profane servitor hits you but does no damage.
The starcursed mass misses you.
The starcursed mass completely misses you.
The starcursed mass engulfs you but does no damage.
A deafening chorus of shrieks assaults your mind!
You die...

..# #.#.....#....
..## #. .........
#.. #...G....5...
#.. #... ..5...
#.##.# #.33..#
.A..####.5.##
#....#X....#...
##.#AXx........
#.#@XX5........
... .##XXX.......
. #...###
#.#.....#.... ..
.#...###...###...
# .##.#.
.....#.... ## #.
. ##.. .(.%.
..#... .... .
..... #.. . .
.......... ....
## #..... .


You could see a profane servitor, 6 starcursed masses, a thrashing horror, a
neqoxec, a ynoxinul, a small abomination, a shadow imp and 2 ufetubi.

Vanquished Creatures
  Rupert (Lair:5)
  Gastronok (Lair:3)
  4 tentacled starspawn
  The ghost of Schimscham the Warrior, a journeyman MiMo of Elyvilon (Snake:1)
  An orc warlord (Orc:2)
  Nessos (Lair:6)
  A lorocyproca (Abyss:3)
  A dire elephant (D:15)
  Snorg (Lair:5)
  3 naga warriors (Snake:1)
  6 hydras
  A centaur warrior (D:13)
  Erica (D:8)
  3 catoblepae (Lair:6)
  A death knight (D:14)
  4 anacondas (Snake:1)
  18 death yaks
  7 thrashing horrors (Abyss:3)
  9 two-headed ogres
  A tengu warrior (D:14)
  5 orc high priests
  3 wretched stars (Abyss:3)
  3 skeletal warriors
  A fire crab (shapeshifter) (D:15)
  4 unseen horrors
  2 sea snakes (Snake:1)
  A swamp dragon (Snake:1)
  2 deep elf archers
  A naga ritualist (Snake:1)
  A wolf spider zombie (D:12)
  A mana viper (shapeshifter) (Abyss:3)
  5 orc knights
  6 orc sorcerers (Orc:2)
  A wolf spider (D:15)
  5 deep elf magi
  3 mana vipers (Snake:1)
  3 manticores
  13 ugly things
  14 black mambas
  3 cyclopes
  2 naga magi (Snake:1)
  A shock serpent zombie (Abyss:3)
  An apocalypse crab (Abyss:3)
  A smoke demon (Abyss:3)
  Maurice (D:10)
  4 gargoyles
  A centaur skeleton (D:14)
  10 spiny frogs
  6 orange demons (D:14)
  5 kobold demonologists
  6 komodo dragons
  An efreet (D:14)
  3 yaktaurs (D:14)
  A freezing wraith (D:14)
  6 trolls
  2 ancient zymes
  2 red devils (D:14)
  A polar bear (Lair:6)
  5 raiju (Abyss:3)
  2 hornets
  16 blink frogs
  7 slime creatures
  2 dream sheep (D:14)
  18 hippogriffs
  An ettin zombie (Abyss:2)
  A centaur simulacrum (D:15)
  4 flying skulls (Abyss:3)
  5 large abominations (Abyss:3)
  A water elemental (D:11)
  61 yaks
  5 wraiths
  2 vampires
  A golden eye (Abyss:3)
  6 wyverns
  2 vampire mosquitoes (D:14)
  3 basilisks
  A hungry ghost (D:8)
  3 small abominations (Abyss:3)
  3 neqoxecs
  Menkaure (Ossuary)
  A swamp worm (Snake:1)
  4 wargs
  2 chaos spawn (D:9)
  7 nagas
  A hell hound (Abyss:2)
  9 water moccasins
  11 ice beasts
  32 orc warriors
  7 porcupines
  2 sky beasts
  5 black bears
  A phantom (D:11)
  A boggart (D:14)
  2 necrophages
  11 ogres
  13 centaurs
  9 wolves
  18 crocodiles
  The ghost of iamgrull the Magician, an amateur DEIE (D:3)
  2 elf zombies (Ossuary)
  11 big kobolds
  A wyvern zombie (D:14)
  10 bullfrogs
  A water moccasin zombie (D:11)
  7 scorpions
  7 wights
  2 howler monkeys
  9 electric eels
  6 crimson imps
  11 centaur zombies
  A quasit (D:12)
  5 jellies
  19 orc priests
  27 orc wizards
  6 hounds
  2 bullfrog zombies
  3 iguanas
  4 hell rats (Lair:5)
  11 worker ants
  Terence (D:2)
  An ogre zombie (Ossuary)
  A hound skeleton (D:8)
  6 mummies (Ossuary)
  A worker ant zombie (D:6)
  6 gnolls
  2 howler monkey skeletons
  2 river rats (Sewer)
  13 adders
  4 shadow imps
  A white imp (Abyss:2)
  3 oozes
  An adder skeleton (D:8)
  2 worms
  2 dart slugs (D:1)
  7 leopard geckos
  92 orcs
  7 giant cockroaches
  A gnoll zombie (Ossuary)
  6 goblins
  9 hobgoblins
  15 jackals
  42 kobolds
  7 quokkas
  6 ball pythons
  6 bats
  9 frilled lizards
  6 goblin zombies
  6 hobgoblin zombies (Ossuary)
  3 kobold zombies (Ossuary)
  2 leopard gecko zombies (D:8)
  A quokka skeleton (D:4)
  4 quokka zombies (Ossuary)
  26 rats
  4 rat zombies (Ossuary)
  A fungus (D:5)
  6 plants
  4 starspawn tentacles
945 creatures vanquished.

Vanquished Creatures (collateral kills)
  Harold (D:10)
  Sonja (D:10)
  2 rust devils (D:6)
  A wraith (D:10)
  A centaur (D:10)
  An orc wizard (D:10)
  A mummy (D:4)
  A leopard gecko (D:2)
  2 orcs (D:3)
  A kobold zombie (D:4)
  2 rats (D:2)
14 creatures vanquished.

Vanquished Creatures (others)
  Josephine (D:10)
  An apocalypse crab (Abyss:3)
  A raiju (Abyss:3)
  2 wraiths (D:10)
  2 yaks (D:10)
  An orc priest (D:10)
  A jelly (D:10)
  An orc wizard (D:10)
  2 gnolls (D:4)
  An orc (D:3)
  A goblin (D:3)
  12 fungi
  A lurking horror (Abyss:3)
  35 plants
  16 starspawn tentacles
78 creatures vanquished.

Grand Total: 1037 creatures vanquished

Notes
Turn   | Place    | Note
-------+----------+-------------------------------------------
     0 | D:1      | Chiseanne the Vampire Artificer began the quest for the Orb.
     0 | D:1      | Reached XP level 1. HP: 14/14 MP: 2/2
    24 | D:1      | Reached skill level 1 in Fighting
   275 | D:1      | Reached XP level 2. HP: 20/21 MP: 4/4
  1015 | D:1      | HP: 1/21 [jackal (2)]
  1017 | D:1      | Reached XP level 3. HP: 2/26 MP: 5/5
  1476 | D:2      | Noticed Terence
  1966 | D:2      | Killed Terence
  1966 | D:2      | Reached XP level 4. HP: 33/33 MP: 6/6
  2025 | D:2      | Gained mutation: [You are frail. (-10% HP)] [potion of mutation]
  2025 | D:2      | Gained mutation: You are agile. (Dex +2) [potion of mutation]
  2026 | D:2      | Lost mutation: [You are frail. (-10% HP)] [potion of mutation]
  2026 | D:2      | Lost mutation: You are agile. (Dex +2) [potion of mutation]
  2026 | D:2      | Gained mutation: You are clumsy. (Dex -2) [potion of mutation]
  2026 | D:2      | Gained mutation: You have large cloven feet. [potion of mutation]
  2027 | D:2      | Lost mutation: You are clumsy. (Dex -2) [potion of mutation]
  2027 | D:2      | Lost mutation: You have large cloven feet. [potion of mutation]
  2027 | D:2      | Gained mutation: You have large cloven feet. [potion of mutation]
  2027 | D:2      | Gained mutation: You are partially covered in yellow scales. (AC +2) [potion of mutation]
  2475 | D:3      | Reached XP level 5. HP: 18/38 MP: 7/7
  2739 | D:3      | Noticed iamgrull's ghost (amateur DEIE)
  2959 | D:3      | Killed iamgrull's ghost
  3204 | D:4      | Reached XP level 6. HP: 36/46 MP: 8/8
  3325 | D:4      | Reached skill level 1 in Armour
  3445 | D:4      | Found a sand-covered staircase.
  3452 | Ossuary  | Entered an ossuary
  3619 | Ossuary  | Reached skill level 5 in Stealth
  3708 | Ossuary  | Reached XP level 7. HP: 50/52 MP: 10/10
  4039 | Ossuary  | Noticed Menkaure
  4176 | Ossuary  | Killed Menkaure
  4269 | D:4      | Reached skill level 5 in Dodging
  4372 | D:4      | Noticed xash's ghost (amateur FoFi)
  4618 | D:4      | Reached XP level 8. HP: 60/60 MP: 11/11
  5272 | D:5      | Entered Level 5 of the Dungeon
  5292 | D:5      | Found a glowing drain.
  5320 | D:5      | Reached skill level 5 in Evocations
  5339 | Sewer    | Entered a sewer
  6202 | D:5      | Found Qebium's Weapon Shoppe.
  6679 | D:6      | Found a staircase to the Ecumenical Temple.
  6730 | Temple   | Entered the Ecumenical Temple
  6822 | Temple   | Became a worshipper of Dithmenos the Shadowed
  6955 | D:6      | Reached skill level 5 in Fighting
  8344 | D:6      | Reached XP level 9. HP: 55/68 MP: 13/13
  8527 | D:7      | You fall through a shaft for 3 floors!
  8527 | D:10     | Entered Level 10 of the Dungeon
  8527 | D:10     | Found a staircase to the Orcish Mines.
  8527 | D:10     | Noticed Sonja
  8527 | D:10     | Noticed an unseen horror
  8534 | D:10     | Noticed Josephine
  8546 | D:10     | Noticed a troll
  8551 | D:9      | Noticed a two-headed ogre
  8551 | D:9      | Noticed a two-headed ogre
  8578 | D:8      | Reached * piety under Dithmenos
  8713 | D:8      | Found a staircase to the Lair.
  8858 | D:7      | Got a fabulously ornate robe
  8949 | D:7      | Identified the +1 robe of Disaster {SInv} (You found it on level 7 of the Dungeon)
  9179 | D:7      | Noticed a gargoyle
  9193 | D:7      | Killed a gargoyle
  9475 | D:6      | Noticed a rust devil
  9475 | D:6      | Noticed a rust devil
  9485 | D:6      | Killed a rust devil
  9489 | D:6      | Killed a rust devil
  9594 | D:7      | Reached ** piety under Dithmenos
 10159 | D:8      | Noticed Erica
 10165 | D:8      | Killed Erica
 10165 | D:8      | Reached skill level 5 in Armour
 10165 | D:8      | Reached XP level 10. HP: 69/77 MP: 15/15
 10523 | D:8      | Noticed a two-headed ogre
 10531 | D:8      | Killed a two-headed ogre
 10654 | D:9      | Killed a two-headed ogre
 10667 | D:9      | Killed a two-headed ogre
 10760 | D:9      | Found a shimmering altar of Xom.
 11551 | D:9      | Found Daam's Antique Armour Boutique.
 11557 | D:9      | Bought a runed helmet for 270 gold pieces
 11557 | D:9      | Bought a pair of embroidered gloves for 270 gold pieces
 12153 | D:10     | Reached XP level 11. HP: 85/85 MP: 16/16
 12186 | D:10     | Noticed Toogi's ghost (journeyman DEEE)
 12438 | D:9      | HP: 4/85 [gargoyle/stone arrow (13)]
 12493 | D:10     | Noticed Harold
 12511 | D:10     | You fall through a shaft for 3 floors!
 12535 | D:13     | Reached skill level 1 in Invocations
 12581 | D:12     | Reached *** piety under Dithmenos
 12920 | D:10     | Noticed Maurice
 12943 | D:10     | Killed Harold
 12943 | D:10     | Reached skill level 10 in Stealth
 12947 | D:10     | Killed Josephine
 12947 | D:10     | Killed Sonja
 13214 | D:10     | Killed an unseen horror
 13260 | D:10     | Killed Maurice
 13828 | Lair:1   | Entered Level 1 of the Lair of Beasts
 14148 | Lair:1   | Noticed a five-headed hydra
 14169 | Lair:1   | Killed a five-headed hydra
 14200 | Lair:1   | Noticed an oklob plant
 14201 | Lair:1   | Noticed an oklob plant
 14343 | Lair:1   | Identified a scroll of acquirement
 14348 | Lair:1   | Identified the amulet of Noypt {+Rage rF- rC++ Str+2 Int+3} (You acquired it on level 1 of the Lair of Beasts)
 14402 | Lair:1   | Reached skill level 10 in Dodging
 15046 | Lair:2   | Reached **** piety under Dithmenos
 15109 | Lair:2   | Reached XP level 12. HP: 94/94 MP: 18/18
 16051 | Lair:3   | Noticed a death yak
 16051 | Lair:3   | Noticed a death yak
 16051 | Lair:3   | Noticed a death yak
 16051 | Lair:3   | Noticed a death yak
 16052 | Lair:3   | Noticed a death yak
 16052 | Lair:3   | Noticed a death yak
 16282 | Lair:3   | Reached skill level 5 in Invocations
 16290 | Lair:3   | Killed a death yak
 16297 | Lair:3   | Killed a death yak
 16305 | Lair:3   | Killed a death yak
 16318 | Lair:3   | Killed a death yak
 16334 | Lair:3   | Killed a death yak
 16334 | Lair:3   | Reached skill level 10 in Evocations
 16346 | Lair:3   | Killed a death yak
 16346 | Lair:3   | Reached ***** piety under Dithmenos
 16726 | Lair:3   | Found a staircase to the Snake Pit.
 17253 | Lair:3   | Noticed Gastronok
 17289 | Lair:3   | Killed Gastronok
 17289 | Lair:3   | Reached skill level 10 in Fighting
 17289 | Lair:3   | Reached XP level 13. HP: 84/103 MP: 20/20
 17940 | Lair:4   | Learned a level 1 spell: Apportation
 18169 | Lair:4   | Found a staircase to the Shoals.
 18891 | Lair:5   | Noticed Rupert
 18924 | Lair:5   | Killed Rupert
 19419 | Lair:5   | Noticed Snorg
 19428 | Lair:5   | Killed Snorg
 19677 | Lair:6   | Entered Level 6 of the Lair of Beasts
 19974 | Lair:6   | Found a viscous altar of Jiyva.
 19987 | Lair:6   | Found a staircase to the Slime Pits.
 20026 | Lair:6   | Noticed Nessos
 20035 | Lair:6   | Killed Nessos
 20730 | Lair:6   | Reached XP level 14. HP: 108/111 MP: 22/22
 20927 | Lair:6   | Got a faintly glowing helmet
 20930 | Lair:6   | Identified the +0 helmet of the Enchanted Forest {rC- Regen+ Int+9 SInv} (You found it on level 6 of the Lair of Beasts)
 20963 | Lair:6   | Got a slimy glaive
 20965 | Lair:6   | Identified the +8 glaive of Irritation {freeze, rElec MR++ Dex+3} (You found it on level 6 of the Lair of Beasts)
 21065 | Lair:6   | Reached skill level 1 in Polearms
 22185 | D:11     | Got a dazzling quarterstaff {flame}
 22188 | D:11     | Identified the +6 quarterstaff of Chiseanne's Peril {flame, rPois rC- Str+5 Stlth+} (You took it off an orc on level 11 of the Dungeon)
 22425 | D:11     | Found Owkeuhorod's Food Emporium.
 23315 | D:12     | Found a roughly hewn altar of Beogh.
 23949 | D:12     | Reached ****** piety under Dithmenos
 24014 | D:13     | Found Jelaon's Jewellery Shop.
 24017 | D:13     | Bought a cursed amulet of inaccuracy for 26 gold pieces
 24592 | D:14     | Reached XP level 15. HP: 117/117 MP: 19/24
 25136 | D:14     | Reached skill level 10 in Invocations
 25285 | D:14     | Reached skill level 5 in Polearms
 25299 | D:14     | Found a gate to the Vaults.
 25707 | D:14     | Got a brightly glowing halberd {drain}
 25712 | D:14     | Identified the +4 halberd of Kuedinn {drain, rF+ Int+5} (You took it off a big kobold on level 14 of the Dungeon)
 25854 | D:15     | Entered Level 15 of the Dungeon
 26303 | D:15     | Found a staircase to the Depths.
 26456 | D:15     | Learned a level 3 spell: Spider Form
 26461 | D:15     | Learned a level 4 spell: Ice Form
 26468 | D:15     | Learned a level 6 spell: Statue Form
 26662 | Orc:1    | Entered Level 1 of the Orcish Mines
 27157 | Orc:1    | Reached skill level 1 in Spellcasting
 27312 | Orc:2    | Entered Level 2 of the Orcish Mines
 27329 | Orc:2    | Found a staircase to the Elven Halls.
 27442 | Orc:2    | Noticed an orc warlord
 27658 | Orc:2    | Killed an orc warlord
 28286 | Orc:2    | Found Rumik's Food Boutique.
 28286 | Orc:2    | Found Xuub's Jewellery Shoppe.
 28470 | Orc:2    | Reached XP level 16. HP: 107/123 MP: 25/25
 28504 | Orc:2    | Found Touq's General Store.
 28551 | Orc:2    | Found Kuleum's Antique Armour Shoppe.
 28854 | Orc:2    | Bought pitted swamp dragon scales for 1925 gold pieces
 28855 | Orc:2    | Identified the +8 swamp dragon scales "Plog" {rPois rN+ Int-2 Dex+4} (You bought it in a shop on level 2 of the Orcish Mines)
 28874 | Orc:2    | Bought a potion of agility for 60 gold pieces
 29127 | Snake:1  | Entered Level 1 of the Snake Pit
 29299 | Snake:1  | Noticed Schimscham's ghost (journeyman MiMo)
 29299 | Snake:1  | Reached skill level 1 in Translocations
 29380 | Snake:1  | Killed Schimscham's ghost
 29594 | Snake:1  | Noticed Louise
 29630 | Snake:1  | Cast into level 2 of the Abyss (Louise)
 29641 | Abyss:2  | Gained mutation: [Your body sometimes deteriorates upon taking damage.] [a neqoxec]
 29701 | Abyss:2  | Noticed a tentacled starspawn
 29780 | Abyss:2  | Noticed a tentacled starspawn
 29859 | Abyss:2  | Noticed a tentacled starspawn
 29878 | Abyss:2  | Killed a tentacled starspawn
 29929 | Snake:1  | Escaped the Abyss
 29959 | Snake:1  | Cast into level 3 of the Abyss (Louise)
 30268 | Abyss:3  | Paralysed by accursed screaming for 1 turns
 30271 | Abyss:3  | Paralysed by accursed screaming for 1 turns
 30431 | Abyss:3  | Noticed a kraken
 30431 | Abyss:3  | Noticed a tentacled starspawn
 30463 | Abyss:3  | Noticed a tentacled starspawn
 30475 | Abyss:3  | Killed a tentacled starspawn
 30488 | Abyss:3  | Killed a tentacled starspawn
 30549 | Abyss:3  | Noticed a tentacled monstrosity
 30660 | Abyss:3  | Found a corrupted altar of Lugonu.
 30721 | Snake:1  | Escaped the Abyss
 30729 | Snake:1  | Noticed Kirke
 30740 | Snake:1  | HP: 4/98 [anaconda (5)]
 30740 | Snake:1  | HP: 1/98 [anaconda (3)]
 31137 | Snake:1  | Cast into level 3 of the Abyss (Louise)
 31138 | Abyss:3  | Found a corrupted altar of Lugonu.
 31177 | Abyss:3  | Found a corrupted altar of Lugonu.
 31405 | Abyss:3  | Gained mutation: [You tend to lose your temper in combat.] [a neqoxec]
 31409 | Abyss:3  | Noticed a tentacled starspawn
 31508 | Abyss:3  | Noticed a tentacled starspawn
 31525 | Abyss:3  | Killed a tentacled starspawn
 31586 | Abyss:3  | Noticed a tentacled starspawn
 31661 | Abyss:3  | Noticed an Executioner
 31670 | Abyss:3  | HP: 4/110 [Executioner (4)]
 31816 | Abyss:3  | Noticed a profane servitor
 31823 | Abyss:3  | Killed from afar by a starcursed mass

Skill      XL: |  1  2  3  4  5  6  7  8  9 10 11 12 13 14 15 16 |
---------------+-------------------------------------------------+-----
Fighting       | 1 2 3 4 5 6 7 8 10 | 10.4
Stealth        | 2 3 4 5 7 8 9 10 12 13 14 | 14.7
Dodging        | 3 4 5 6 7 9 10 11 12 13 14 | 14.4
Evocations     | 3 4 5 7 9 10 11 12 | 12.9
Armour         | 1 2 3 5 6 8 |  8.4
Invocations    | 4 6 7 9 10 | 10.9
Short Blades   | 3 4 |  4.6
Polearms       | 4 6 9 |  9.0
Spellcasting   | 3 |  3.8
Translocations | 2 |  2.1

Action                   |  1- 3 |  4- 6 |  7- 9 | 10-12 | 13-15 | 16-18 || total
-------------------------+-------+-------+-------+-------+-------+-------++-------
Melee: Short sword       |    53 |       |       |   365 |   896 |       ||  1314
       Whip              |    39 |   113 |       |       |       |       ||   152
       Bite              |     7 |    18 |    65 |   165 |   297 |   116 ||   668
       Kick              |       |    48 |   191 |   436 |   724 |   276 ||  1675
       Mace              |       |    78 |   432 |    64 |       |       ||   574
       Flail             |       |       |    78 |   148 |    55 |       ||   281
       Dagger            |       |       |   187 |   423 |    64 |       ||   674
       Morningstar       |       |       |       |     9 |     3 |       ||    12
       Glaive            |       |       |       |       |   818 |   257 ||  1075
       Bardiche          |       |       |       |       |       |   315 ||   315
       Halberd           |       |       |       |       |       |    16 ||    16
 Fire: Blowgun           |       |       |       |       |    28 |     9 ||    37
Throw: Stone             |       |       |     1 |       |       |       ||     1
       Tomahawk          |       |       |     6 |     4 |       |       ||    10
       Javelin           |       |       |       |    12 |    21 |       ||    33
       Throwing net      |       |       |       |       |       |     5 ||     5
Invok: Shadow Step       |       |       |       |       |    21 |       ||    21
Evoke: Wand              |    16 |    29 |     5 |    28 |    32 |     5 ||   115
       Lightning rod     |       |       |       |     4 |    18 |     4 ||    26
       Fan of gales      |       |       |       |     1 |     3 |     1 ||     5
       Box of beasts     |       |       |       |       |       |     2 ||     2
  Use: Potion            |     1 |    20 |    23 |    47 |    41 |    17 ||   149
       Scroll            |       |    12 |    17 |    21 |     8 |    22 ||    80
 Stab: Sleeping          |     1 |    10 |    15 |    19 |    84 |     6 ||   135
       Paralysed         |       |     3 |     1 |     6 |     4 |       ||    14
       Distracted        |       |       |     1 |     3 |     7 |     5 ||    16
       Invisible         |       |       |       |     9 |       |       ||     9
       Confused          |       |       |       |       |     4 |       ||     4
       Petrified         |       |       |       |       |     4 |       ||     4
       Held in net/web   |       |       |       |       |       |     1 ||     1
Armor: Leather armour    |    23 |     4 |       |       |       |       ||    27
       Ring mail         |       |    69 |   303 |    63 |       |       ||   435
       Troll leather arm |       |       |       |   204 |   318 |     3 ||   525
       Swamp dragon scal |       |       |       |       |       |   248 ||   248
Dodge: Dodged            |    64 |   158 |   656 |  1320 |  2502 |  1289 ||  5989
